 Dungeon Crawl Stone Soup version 0.18-a0-1805-g8ab820f (webtiles) character file.

1822 MovingMist the Schismatic (level 8, -2/65 HPs)
             Began as a Demonspawn Abyssal Knight on Apr 27, 2016.
             Was an Elder of Lugonu.
             Slain by a yak (5 damage)
             ... on level 8 of the Dungeon.
             The game lasted 00:16:42 (5043 turns).

MovingMist the Schismatic (DsAK)                    Turns: 5043, Time: 00:16:43

Health: -2/65      AC:  6    Str: 13    XL:     8   Next: 85%
Magic:  0/14       EV: 14    Int: 20    God:    Lugonu [****..]
Gold:   321        SH:  0    Dex: 14    Spells: 1 memorised, 5 levels left

rFire  . . .     SeeInvis .     x - -2 executioner's axe
rCold  . . .     Gourm    .     b - +0 leather armour
rNeg   . . .     Faith    .     (shield currently unavailable)
rPois  .         Spirit   +     m - +2 helmet
rElec  .         Dismiss  .     (no cloak)
rCorr  .         Reflect  .     (no gloves)
SustAt .         Harm     .     (no boots)
MR     .....                    (no amulet)
Stlth  +.........               (no ring)
                                s - +6 ring of intelligence

@: not resistant to hostile enchantments, very unstealthy
A: claws 1, spiny 1, magic shield, magic regeneration, magic link
a: Depart the Abyss, Bend Space, Banish, Corrupt, Renounce Religion


You were on level 8 of the Dungeon.
You worshipped Lugonu.
Lugonu was greatly pleased with you.
You were hungry.

You visited 1 branch of the dungeon, and saw 8 of its levels.
You visited the Abyss 1 time.

You collected 321 gold pieces.

Inventory:

Hand Weapons
 a - a +1 hand axe
 g - a cursed +0 whip
 w - a -2 mace of crushing
 x - a -2 executioner's axe (weapon)
Armour
 b - a +0 leather armour (worn)
 m - a +2 helmet (worn)
Jewellery
 s - a +6 ring of intelligence (left claw)
Scrolls
 e - a scroll of identify
 h - a scroll of fear
 n - a scroll of enchant armour
 q - 2 scrolls of teleportation
 v - a scroll of magic mapping
 y - a scroll of amnesia
 A - a scroll of remove curse
Potions
 j - a potion of cure mutation
 l - a potion of agility {unknown}
 o - a potion of cancellation {unknown}
 p - a potion of lignification {unknown}
 r - a potion of resistance {unknown}
Books
 f - a book of Necromancy

   Spells                             Type                      Level
   a - Pain                           Necromancy                   1
   b - Animate Skeleton               Necromancy                   1
   c - Vampiric Draining              Necromancy                   3
   d - Regeneration                   Charms/Necromancy            3
   e - Animate Dead                   Necromancy                   4
   f - Control Undead                 Necromancy                   4
 t - a book of Burglary

   Spells                             Type                      Level
   a - Swiftness                      Charms/Air                   2
   b - Passwall                       Transmutation/Earth          2
   c - Passage of Golubria            Translocation                4
   d - Lee's Rapid Deconstruction     Earth                        5
   e - Darkness                       Hexes                        6
   f - Invisibility                   Hexes                        6
 u - a book of Dreams

   Spells                             Type                      Level
   a - Ensorcelled Hibernation        Hexes/Ice                    2
   b - Silence                        Hexes/Air                    5
   c - Darkness                       Hexes                        6
   d - Shadow Creatures               Summoning                    6
Comestibles
 c - 4 bread rations
 d - a beef jerky
 k - a meat ration
 z - 2 chunks of flesh


   Skills:
 + Level 6.7 Fighting
 + Level 5.3 Axes
 - Level 1.7 Armour
 + Level 4.8 Dodging
 + Level 8.1 Invocations


You had 5 spell levels left.
You knew the following spells:

 Your Spells              Type           Power        Failure   Level  Hunger
a - Passwall              Trmt/Erth      #.........   38%         2    ###....


Dungeon Overview and Level Annotations

Branches:
Dungeon (9/15)             Temple (0/1) D:5
   Lair: D:8-11         Orc: D:9-12

Altars:
Fedhas
Pakellas
Qazlal
Trog
Xom
Yredelemnul


Innate Abilities, Weirdness & Mutations

You have sharp fingernails.
You are partially covered in sharp spines.
When hurt, damage is shared between your health and your magic reserves.
You regenerate magic rapidly.
When low on magic, you restore magic in place of health.


Message History

An electric eel comes into view.
Found a ruby potion.
The electric eel shoots out a bolt of lightning at you!
The bolt of electricity misses you.
Found a spear.
You see here a spear.
Found a stone staircase leading up.
You hear a distant slurping noise.
You hear a distant slurping noise.
The yak gores you!
* * * LOW HITPOINT WARNING * * *
Some of the chunks of flesh in your inventory have rotted away.
There is a stone staircase leading up here.
The yak is struck by your spines. The yak gores you but does no damage.
You climb upwards.
There is a stone staircase leading down here.
You slash the yak!
The yak is heavily wounded.
The yak gores you!
You die...

###
#..
#.#
#.#
#.#
#.#
##Y#
+.@#
##.#
...
##.##
...
..#
...
#...


You could see a yak.

Vanquished Creatures
  2 yaks (D:9)
  A phantom (D:4)
  An ogre (D:4)
  3 centaurs (D:5)
  Blork the orc (D:5)
  4 scorpions
  4 howler monkeys (D:5)
  A crimson imp (D:9)
  A centaur zombie (D:9)
  An orc priest (D:5)
  3 orc wizards
  Ijyb (D:2)
  2 worker ants
  A hound zombie (D:5)
  12 gnolls
  6 adders
  A shadow imp (D:5)
  2 worms
  A dart slug (D:1)
  5 giant geckos
  7 orcs
  3 giant cockroaches
  11 goblins
  4 hobgoblins
  10 jackals
  5 kobolds
  3 quokkas
  2 ball pythons
  15 bats
  3 giant newts
  10 rats
  5 fungi (D:4)
131 creatures vanquished.

Vanquished Creatures (others)
  An ice beast (D:5)
  2 ogres (D:4)
  A fungus (D:4)
4 creatures vanquished.

Grand Total: 135 creatures vanquished

Notes
Turn   | Place    | Note
--------------------------------------------------------------
     0 | Abyss:1  | MovingMist the Demonspawn Abyssal Knight began the quest for the Orb.
     0 | Abyss:1  | Reached XP level 1. HP: 18/18 MP: 2/2
    10 | D:1      | Escaped the Abyss
   148 | D:1      | Gained mutation: You are partially covered in sharp spines. [demonic ancestry]
   148 | D:1      | Reached XP level 2. HP: 8/24 MP: 4/4
   149 | D:1      | Reached skill level 1 in Dodging
   163 | D:1      | Reached ** piety under Lugonu
   936 | D:2      | Reached XP level 3. HP: 19/29 MP: 5/5
   937 | D:2      | Reached skill level 3 in Invocations
   992 | D:2      | Gained mutation: You have sharp fingernails. [demonic ancestry]
   992 | D:2      | Reached XP level 4. HP: 15/37 MP: 6/6
  1340 | D:2      | Noticed Ijyb
  1348 | D:2      | Killed Ijyb
  1357 | D:2      | Found a stormy altar of Qazlal.
  1374 | D:2      | Found a shimmering altar of Xom.
  1438 | D:2      | Found an oddly glowing altar of Pakellas.
  1449 | D:2      | Found a basalt altar of Yredelemnul.
  1763 | D:2      | Reached *** piety under Lugonu
  1763 | D:2      | Gained mutation: When hurt, damage is shared between your health and your magic reserves. [demonic ancestry]
  1763 | D:2      | Reached XP level 5. HP: 42/42 MP: 7/7
  1841 | D:3      | Reached skill level 4 in Invocations
  1916 | D:3      | Found a blossoming altar of Fedhas.
  2489 | D:4      | Noticed an ogre
  2493 | D:4      | Banished an ogre
  2524 | D:4      | Gained mutation: You regenerate magic rapidly. [demonic ancestry]
  2524 | D:4      | Reached XP level 6. HP: 43/49 MP: 7/9
  2660 | D:4      | Reached skill level 5 in Invocations
  3251 | D:4      | Reached XP level 7. HP: 55/55 MP: 11/11
  3342 | D:4      | Learned a level 2 spell: Passwall
  3373 | D:4      | Reached skill level 5 in Fighting
  3374 | D:4      | Reached skill level 6 in Invocations
  3434 | D:5      | Entered Level 5 of the Dungeon
  3719 | D:5      | Noticed Blork the orc
  3731 | D:5      | Killed Blork the orc
  3772 | D:5      | Found a staircase to the Ecumenical Temple.
  3774 | D:5      | Reached **** piety under Lugonu
  3901 | D:5      | Gained mutation: When low on magic, you restore magic in place of health. [demonic ancestry]
  3901 | D:5      | Reached XP level 8. HP: 14/64 MP: 4/13
  4271 | D:5      | Reached skill level 7 in Invocations
  4381 | D:5      | Found a bloodstained altar of Trog.
  4839 | D:6      | You fall through a shaft for 3 floors!
  4843 | D:9      | Reached skill level 5 in Axes
  5005 | D:9      | Reached skill level 8 in Invocations
  5039 | D:9      | HP: 3/65 [yak (3)]
  5043 | D:8      | Slain by a yak

Vault maps used:
D:1:      minmay_arrival_doors, minmay_misc_feat_chi, st_stairs_1
D:2:      nicolae_overflow_quartered_altars, uniq_iyjb
D:3:      old_standard_altar
D:4:      old_forge, first_bread
D:5:      temple_fountains, serial_bayou, serial_bayou_pond_e,
          serial_bayou_lake_a, serial_bayou_pond_d, serial_bayou_lagoon_b,
          serial_bayou_lagoon_a, serial_bayou_pond_e, minmay_misc_feat_iff,
          trog_book, uniq_blork_the_orc
D:6:      nicolae_ru_path_of_blood, corexii_item_surrounded_by_moat, uniq_pikel,
          uniq_edmund
D:8:      forest_paths, minmay_lair_entry_lava, grunt_ministairs_9
D:9:      kennysheep_spiral_hall, lemuel_coloured_pillars_altar, serial_shops,
          nicolae_shop_overgrown_old_shop, disabler_island

Skill      XL: |  1  2  3  4  5  6  7  8 |
---------------+-------------------------+-----
Axes           | 2 3 4 5 |  5.3
Dodging        | 1 2 3 4 |  4.8
Invocations    | 3 4 5 6 8 |  8.1
Fighting       | 4 5 6 |  6.7
Armour         | |  1.7

Action                   |  1- 3 |  4- 6 |  7- 9 || total
-------------------------+-------+-------+-------++-------
Melee: Hand axe          |    42 |   114 |     9 ||   165
       Executioner's axe |       |       |   103 ||   103
Invok: Banish            |       |     2 |     1 ||     3
  Use: Scroll            |     3 |    13 |     1 ||    17
       Potion            |       |       |     1 ||     1
 Stab: Sleeping          |       |     1 |       ||     1
  Eat: Chunk             |       |     8 |     6 ||    14
Armor: Leather armour    |     9 |    18 |    53 ||    80
Dodge: Dodged            |    25 |    53 |   105 ||   183
